 Dungeon Sprint DCSS version 0.28-a0-1387-g3a22ab9bdc (webtiles) character file.

Game seed: 9286698474003968824

169 HallandMoats the Eye of the Storm (level 5, -9/38 HPs)
             Began as an Octopode Monk on Jan 3, 2022.
             Was a Priest of Qazlal.
             Mangled by a merfolk (20 damage)
             ... in the Dungeon (Sprint V: "Ziggurat Sprint").
             The game lasted 00:02:15 (448 turns).

HallandMoats the Eye of the Storm (Octopode Monk)    Turns: 448, Time: 00:02:16

Health: -9/38      AC:  1    Str: 24    XL:     5   Next: 50%
Magic:  12/12      EV: 10    Int: 24    God:    Qazlal [***...]
Gold:   0          SH: 33    Dex: 27    Spells: 4/4 levels left

rFire   . . .      SeeInvis +   r - +14 obsidian axe {vorpal, Mesm Drain Fly SInv}
rCold   . . .      Faith    .   y - +18 shield of the Gong {rElec rN+ Will+ EV-5}
rNeg    + . .      Spirit   .   (helmet restricted)
rPois   .          Reflect  .   (no amulet)
rElec   +          Harm     .   w - +6 ring of strength
rCorr   .          Rampage  .   x - +6 ring of strength
Will    +....      NoTele   +   s - +6 ring of dexterity
Stlth   +++.......              t - +6 ring of dexterity
HPRegen 0.12/turn               u - +6 ring of intelligence
MPRegen 0.13/turn               v - +6 ring of intelligence
                                (no ring)
                                (no ring)

@: mighty, flying, mesmerised, hasted, very quick
A: almost no armour, amphibious, 8 rings, camouflage 1, gelatinous body 1,
(nimble swimmer 1), tentacles
a: Renounce Religion, Upheaval, Elemental Force


You were in the Dungeon.
You worshipped Qazlal.
Qazlal was most pleased with you.
You visited 1 branch

Inventory:

Hand Weapons
 r - the +14 obsidian axe (weapon) {vorpal, Mesm Drain Fly SInv}
   (You found it in the Dungeon)

   It inflicts extra damage upon your enemies.
   It occasionally summons demons to assist the wielder when it strikes in
   combat.
   Its wielder is mesmerised by any visible foes.
   It cannot be unequipped while any foes are visible.
   SInv:      It lets you see invisible.
   Fly:       It grants you flight.
   Drain:     It drains your maximum health when unequipped.
Armour
 y - the +18 shield of the Gong (worn) {rElec rN+ Will+ EV-5}
   (You found it in the Dungeon)

   It is deafeningly noisy when blocking attacks.
   EV:        It affects your evasion (-5).
   rElec:     It insulates you from electricity.
   rN:        It protects you from negative energy.
   Will:      It increases your willpower.
Jewellery
 s - a +6 ring of dexterity (on tentacle)
 t - a +6 ring of dexterity (on tentacle)
 u - a +6 ring of intelligence (on tentacle)
 v - a +6 ring of intelligence (on tentacle)
 w - a +6 ring of strength (left tentacle)
 x - a +6 ring of strength (right tentacle)
 z - a ring of flight
Scrolls
 g - 4 scrolls of blinking
 m - 4 scrolls of amnesia
 n - 7 scrolls of fog
 o - a scroll of holy word
 p - 5 scrolls of identify
 q - 2 scrolls of fear
Potions
 b - 10 potions of curing
 c - 10 potions of heal wounds
 d - 4 potions of haste
 e - 7 potions of magic
 f - 3 potions of berserk rage
 h - 2 potions of brilliance
 i - 2 potions of invisibility
 j - 4 potions of resistance
 l - 4 potions of might


   Skills:
 + Level 4.8 Fighting
 + Level 4.6 Axes
 + Level 4.6 Dodging
 - Level 2.6 Stealth
 + Level 3.3 Shields
 * Level 10.9 Invocations


You had 4 spell levels left.
You didn't know any spells.
Your spell library contained the following spells:

 Spells                   Type           Power      Damage    Failure   Level
 Summon Ice Beast         Ice/Summ       0%         N/A       100%        4
 Metabolic Englaciation   Hex/Ice        0%         N/A       100%        5
 Ozocubu's Refrigeration  Ice            0%         4d5       100%        7


Dungeon Overview and Level Annotations

Branches:
Dungeon (1/1)

Altars:
Ashenzari
Cheibriados
Dithmenos
Elyvilon
Fedhas
Gozag
Hepliaklqana
Kikubaaqudgha
Makhleb
Nemelex Xobeh
Okawaru
Qazlal
Ru
Sif Muna
Trog
Uskayaw
Vehumet
Wu Jian
Xom
Yredelemnul
Zin
The Shining One
Beogh
Jiyva
Lugonu

Annotations:
D 1 transporter


Innate Abilities, Weirdness & Mutations

You cannot wear most types of armour.
You are amphibious.
You can wear up to eight rings at the same time.
Your skin changes colour to match your surroundings (Stealth+).
Your rubbery body absorbs attacks. (AC +1, EV +1)
((You are camouflaged when in or above water. (Stealth+)))
You have tentacles for arms and can constrict up to eight enemies at once.


Message History

The merfolk shouts!
You feel very mighty all of a sudden.
The merfolk shouts! x2
The merfolk closely misses you. You block the merfolk's attack.
SHROANNG!
You block the merfolk's attack.
GONNNNG!
The merfolk barely misses you.
You barely miss the merfolk. You grab the merfolk. You constrict the merfolk.
You block the merfolk's attack.
GONNNNG!
You block the merfolk's attack.
BONNNG!
The merfolk struggles to escape constriction.
The merfolk closely misses you.
Unknown command.
You slash the merfolk! You squeeze the merfolk.
The merfolk is moderately wounded.
You constrict the merfolk.
The merfolk escapes!
The merfolk throws a boomerang.
GONNNNG!
You block the boomerang. The merfolk completely misses you.
The merfolk throws a throwing net.
SHROANNG!
You block the throwing net.
Visions of slaying the merfolk flood into your mind.
Unknown command.
You closely miss the merfolk. Your grab misses the merfolk.
You hit the merfolk. You barely miss the merfolk.
You completely miss the merfolk.
Visions of slaying the merfolk flood into your mind.
You block the merfolk's attack.
BOUMMMMG!
The merfolk is engulfed in blazing flames.
The merfolk hits you with a +0 trident!!
Ouch! That really hurt!
* * * LOW HITPOINT WARNING * * *
The merfolk hits you with a +0 trident!!
Ouch! That really hurt!
You die...

▓▓▓▓▓▓▓▓▓▓▓▓▓▓▓▓▓▓▓
▓.8©8.▓.8©8.▓.8©8.▓
▓.=:}.▓..)|.▓.....▓
▓..[..▓.....▓.|.[.▓
▓.mmm.▓.....▓.....▓
▓..@..▓.....▓.††..▓
▓..(m.▓.....▓..©..▓
▓..©°.▓..©..▓▓▓▓▓▓▓
▓▓▓▓▓▓▓▓▓▓▓▓▓


You could see 4 merfolk.

Vanquished Creatures
  A hell hound (D)
  A crimson imp (D)
  An adder (D)
  A shadow imp (D)
  A ball python (D)
5 creatures vanquished.

Notes
Turn   | Place    | Note
-------+----------+-------------------------------------------
     0 | D        | HallandMoats the Octopode Monk began the quest for the Orb.
     0 | D        | Reached XP level 1. HP: 16/16 MP: 1/1
     3 | D        | Found a blossoming altar of Fedhas.
     3 | D        | Found the +6 Majin-Bo {vamp, MP+6 Int+6}
     3 | D        | Found the +9 heavy crossbow "Sniper" {vorpal, Acc+∞ SInv}
     3 | D        | Found the +10 dark maul {vorpal}
     3 | D        | Found the +15 Maxwell's patent armour {-Cast -Tele rElec
                  | Will+ rCorr}
     3 | D        | Found the +18 shield of the Gong {rElec rN+ Will+ EV-5}
     3 | D        | Found the +14 obsidian axe {vorpal, Mesm Drain Fly SInv}
     3 | D        | Found the +7 great mace "Firestarter" {inner flame, rF++}
     3 | D        | Found the +6 shillelagh "Devastator" {shatter}
     3 | D        | Found the +11 plutonium sword {Contam Stlth-}
     3 | D        | Found the +8 lance "Wyrmbane" {slay drac, rPois rF+ rC+
                  | AC+3}
     3 | D        | Found the +9 sword of Zonguldrok {reap}
     3 | D        | Found the +13 scythe of Curses {drain, Drain}
     3 | D        | Found the +5 sword of Power {vorpal}
     3 | D        | Found the +7 mace of Variability {chain chaos}
     3 | D        | Found the +7 Singing Sword {vorpal, sonic wave}
     3 | D        | Found the +8 storm bow {elec, penet}
     4 | D        | Found a shimmering blue altar of Sif Muna.
     4 | D        | Found a sacrificial altar of Ru.
     4 | D        | Found a bloodstained altar of Trog.
     4 | D        | Found a stormy altar of Qazlal.
     4 | D        | Found an iron altar of Okawaru.
     4 | D        | Found a sparkling altar of Nemelex Xobeh.
     6 | D        | Found a transporter.
     6 | D        | Found an ancient bone altar of Kikubaaqudgha.
     6 | D        | Found a viscous altar of Jiyva.
     6 | D        | Found a corrupted altar of Lugonu.
     6 | D        | Found a hazy altar of Hepliaklqana.
     6 | D        | Found a burning altar of Makhleb.
     6 | D        | Found an opulent altar of Gozag.
     6 | D        | Banished a spatial maelstrom
    42 | D        | Became a worshipper of Qazlal Stormbringer
    42 | D        | Reached * piety under Qazlal
    42 | D        | Reached ** piety under Qazlal
   124 | D        | Entered arena 2.
   124 | D        | Found a transporter.
   127 | D        | Reached skill level 1 in Shields
   127 | D        | Reached skill level 2 in Invocations
   127 | D        | Reached XP level 2. HP: 12/21 MP: 1/3
   259 | D        | Entered arena 3.
   259 | D        | Noticed a hell hound
   259 | D        | Noticed a crimson imp
   259 | D        | Found a transporter.
   260 | D        | Reached skill level 9 in Invocations
   260 | D        | Reached XP level 3. HP: 26/26 MP: 3/9
   265 | D        | Killed a hell hound
   266 | D        | Reached skill level 10 in Invocations
   266 | D        | Reached XP level 4. HP: 34/34 MP: 3/11
   266 | D        | Reached XP level 5. HP: 38/38 MP: 3/12
   267 | D        | Reached *** piety under Qazlal
   273 | D        | Got the Collected Works on the Frostbite
   441 | D        | Entered arena 4.
   441 | D        | Noticed a merfolk
   441 | D        | Noticed a merfolk
   441 | D        | Noticed a merfolk
   441 | D        | Noticed a merfolk
   441 | D        | Found a transporter.
   448 | D        | Mangled by a merfolk

Illustrated notes

Levels and vault maps discovered:
D:        sprint_v [room_start, room_1, room_2, room_3, room_4, room_5, room_6,
          room_7, room_8, room_9, room_10, room_11, room_12, room_13, room_14,
          room_15, room_16, room_17, room_18, room_19, room_20, room_21,
          room_22, room_23, room_24, room_25, room_26, room_27]

Skill      XL: |  1  2  3 |
---------------+----------+-----
Shields        | 1 3 |  3.3
Invocations    | 2 9 10 | 10.9
Fighting       | 4 |  4.8
Axes           | 4 |  4.6
Dodging        | 4 |  4.6
Stealth        | |  2.6

Action                   |  1- 3 |  4- 6 || total
-------------------------+-------+-------++-------
Melee: Broad axe         |     5 |     5 ||    10
       Constrict         |     2 |     2 ||     4
       Tentacles         |     1 |     1 ||     2
  Use: Potion            |     2 |     2 ||     4
Armor: Skin              |     1 |       ||     1
Dodge: Dodged            |     1 |     4 ||     5
Block: Kite shield       |    12 |     9 ||    21

Table legend: (Time is in decaauts)
 A = Elapsed time spent in this place.
 B = Non-inter-level travel time spent in this place.
 C = Inter-level travel time spent in this place.
 D = Time resting spent in this place.
 E = Time spent auto-exploring this place.
 F = Levels seen in this place.
 G = Mean time per level.
                   A        B        C        D        E       F      G
               +--------+--------+--------+--------+--------+-----+--------+
         Total |    434 |    434 |      0 |    355 |      0 |   1 |  434.0 |
       Dungeon |    434 |    434 |      0 |    355 |      0 |   1 |  434.0 |
               +--------+--------+--------+--------+--------+-----+--------+

Top non-repeatable levels by time:
       D: 434 daAuts
